 Dungeon Crawl Stone Soup version 0.29-a0-994-gc5c9f59d18 (webtiles) character file.

Game seed: 16600482959312286123

154 Nato the Chopper (level 5, -2/34 HPs)
             Began as a Tengu Monk on Aug 4, 2022.
             Slain by a kobold brigand
             ... wielding a +0 dagger
              (3 damage)
             ... in a sewer.
             The game lasted 00:05:40 (3172 turns).

Nato the Chopper (Tengu Monk)                       Turns: 3172, Time: 00:05:41

Health: -2/34      AC:  7    Str: 12    XL:     5   Next: 35%
Magic:  6/6        EV: 12    Int: 10    God:
Gold:   128        SH:  0    Dex: 18    Spells: 4/4 levels left

rFire   . . .      SeeInvis .   f - +3 hand axe
rCold   . . .      Faith    .   (no shield)
rNeg    . . .      Spirit   .   n - +0 scale mail
rPois   .          Reflect  .   (helmet restricted)
rElec   .          Harm     .   l - +0 cloak
rCorr   .          Rampage  .   (no gloves)
Will    .....                   (boots unavailable)
Stlth   +.........              (no amulet)
HPRegen 0.11/turn               (no ring)
MPRegen 0.10/turn               (no ring)

@: flying quickly and evasively, quick
A: beak, talons 3, nimble flight
a: no special abilities


You were in a sewer.
You visited 1 branch of the dungeon, and saw 3 of its levels.
You also visited: Sewer.

You collected 128 gold pieces.

Inventory:

Hand Weapons
 a - a +0 hand axe
 e - a +2 dagger of draining
 f - a +3 hand axe (weapon)
Armour
 l - a +0 cloak (worn)
 n - a +0 scale mail (worn)
Scrolls
 d - 4 scrolls of identify {unknown}
 i - 2 scrolls of teleportation {unknown}
 p - a scroll of blinking {unknown}
Potions
 b - 2 potions of attraction {unknown}
 c - a potion of ambrosia
 g - 2 potions of heal wounds {unknown}
 h - a potion of flight {unknown}
 j - 2 potions of curing
 k - 2 potions of haste {unknown}
 o - a potion of lignification {unknown}
 q - a potion of invisibility {unknown}


   Skills:
 + Level 4.3 Fighting
 + Level 4.7 Axes
 - Level 3.5 Dodging
 - Level 3.0 Stealth


You had 4 spell levels left.
You didn't know any spells.
Your spell library was empty.

Dungeon Overview and Level Annotations

Branches:
Dungeon (3/15)              Sewer (1/1)

Altars:

Shops:
D:2 (


Innate Abilities, Weirdness & Mutations

You have a beak for a mouth.
You have claws for feet.
Your magical nature lets you fly swiftly and evasively.


Message History

You barely miss the kobold brigand. The kobold brigand misses you.
The kobold brigand hits you with a +0 dagger.
You hit the kobold brigand.
You claw the kobold brigand, but do no damage.
The kobold brigand is severely wounded.
You hit the kobold brigand but do no damage.
The kobold brigand hits you with a +0 dagger. x2
You closely miss the kobold brigand. Your peck misses the kobold brigand.
The kobold brigand is severely wounded.
You hit the kobold brigand but do no damage.
The kobold brigand hits you with a +0 dagger. x2
* * * LOW HITPOINT WARNING * * *
You miss the kobold brigand. You claw the kobold brigand.
The kobold brigand is severely wounded.
You hit the kobold brigand. The kobold brigand misses you.
The kobold brigand hits you with a +0 dagger.
* * * LOW HITPOINT WARNING * * *
You hit the kobold brigand.
You claw the kobold brigand, but do no damage.
The kobold brigand is almost dead.
You completely miss the kobold brigand.
The kobold brigand hits you with a +0 dagger.
* * * LOW HITPOINT WARNING * * *
The kobold brigand hits you with a +0 dagger.
* * * LOW HITPOINT WARNING * * *
As you read the scroll labelled BISONI SEDUN, it crumbles to dust.
The scroll dissolves into smoke.
It was a scroll of fog.
The kobold brigand barely misses you.
The kobold brigand hits you with a +0 dagger.
* * * LOW HITPOINT WARNING * * *
You barely miss the kobold brigand. You peck the kobold brigand.
The kobold brigand is almost dead.
You closely miss the kobold brigand. The kobold brigand closely misses you.
The kobold brigand barely misses you.
You completely miss the kobold brigand.
You peck the kobold brigand, but do no damage.
The kobold brigand is almost dead.
You hit the kobold brigand. The kobold brigand closely misses you.
The kobold brigand hits you with a +0 dagger.
You die...

###### #....#
#..∩!# #....#
)K§.# ##K'##
###@K~~#
#§§§§~~#
##.§§§§~#
#.......#
#......~#
#......~#
##....P~P#
#.....~~~#~
##.....~~~~~≈


You could see 2 kobold brigands and a kobold.

Vanquished Creatures
  Terence (D:2)
  3 adders (D:2)
  A river rat (D:3)
  A dart slug (D:2)
  14 ball pythons
  5 endoplasms
  5 giant cockroaches
  15 goblins
  9 hobgoblins
  2 jackals (D:1)
  3 quokkas (D:1)
  3 bats
  2 frilled lizards
  11 kobolds
  3 rats
78 creatures vanquished.

Notes
Turn   | Place    | Note
-------+----------+-------------------------------------------
     0 | D:1      | Nato the Tengu Monk began the quest for the Orb.
     0 | D:1      | Reached XP level 1. HP: 14/14 MP: 2/2
   461 | D:1      | Reached XP level 2. HP: 19/19 MP: 3/3
   660 | D:1      | Reached XP level 3. HP: 11/23 MP: 4/4
  1574 | D:2      | Noticed Terence
  1581 | D:2      | Killed Terence
  1582 | D:2      | Reached XP level 4. HP: 18/28 MP: 5/5
  2681 | D:2      | Found Xixio's Weapon Boutique.
  2832 | D:2      | Gained mutation: Your magical nature lets you fly swiftly
                  | and evasively. [Tengu growth]
  2832 | D:2      | Reached XP level 5. HP: 33/33 MP: 6/6
  2948 | D:3      | Found a glowing drain.
  3062 | Sewer    | Entered a sewer
  3157 | Sewer    | Noticed a kobold brigand
  3157 | Sewer    | Noticed a kobold brigand
  3170 | Sewer    | HP: 1/34 [kobold brigand/+0 dagger (4)]
  3172 | Sewer    | Slain by a kobold brigand

Illustrated notes

Levels and vault maps discovered:
D:1:      nicolae_arrival_somewhat_less_tricky_arrival, layout_rooms,
          serial_rivers, chequers_serial_rivers_small_a,
          chequers_serial_rivers_micro_b, chequers_serial_rivers_micro_b,
          chequers_serial_rivers_micro_e, chequers_serial_rivers_room_b,
          chequers_serial_rivers_large_b
D:2:      cheibrodos_greedy_goblins, layout_loops_ring, serial_shops,
          nicolae_shop_behind_doors, uniq_terence
D:3:      layout_basic, trog_three_pillars_becter,
          mainiacjoe_overflow_cross_hatched, old_standard_altar, minitemple,
          portal_sewer_entry_a, dreamdust_ecumenical_altar_sealed_demon
Sewer:    kennysheep_pipe_town

Skill      XL: |  1  2  3  4 |
---------------+-------------+-----
Stealth        | 3 |  3.0
Axes           | 4 |  4.7
Fighting       | 4 |  4.3
Dodging        | |  3.5

Action                   |  1- 3 |  4- 6 || total
-------------------------+-------+-------++-------
Melee: Hand axe          |    49 |    90 ||   139
       Kick              |    13 |    25 ||    38
       Dagger            |     5 |       ||     5
       Peck              |     4 |    15 ||    19
       Punch             |       |     1 ||     1
  Use: Scroll            |       |     1 ||     1
 Stab: Sleeping          |     3 |     2 ||     5
       Distracted        |     1 |       ||     1
Armor: Robe              |     7 |       ||     7
       Scale mail        |       |    25 ||    25
Dodge: Dodged            |    27 |    60 ||    87

Table legend: (Time is in decaauts)
 A = Elapsed time spent in this place.
 B = Non-inter-level travel time spent in this place.
 C = Inter-level travel time spent in this place.
 D = Time resting spent in this place.
 E = Time spent auto-exploring this place.
 F = Levels seen in this place.
 G = Mean time per level.
                   A        B        C        D        E       F      G
               +--------+--------+--------+--------+--------+-----+--------+
         Total |   3195 |   2948 |    247 |   1207 |   1371 |   4 |  798.8 |
       Dungeon |   3090 |   2843 |    247 |   1207 |   1306 |   3 | 1030.0 |
         Sewer |    105 |    105 |      0 |      0 |     65 |   1 |  105.0 |
               +--------+--------+--------+--------+--------+-----+--------+

Top non-repeatable levels by time:
     D:1: 1548 daAuts
     D:2: 1428 daAuts
     D:3: 112 daAuts
   Sewer: 105 daAuts
